 Dungeon Crawl Stone Soup version 0.29.0-4-gdea44cf6ec (webtiles) character file.

Game seed: 9613469966333927023

1229 qw the Cleaver (level 8, -3/48 HPs)
             Began as a Tengu Warper on Aug 28, 2022.
             Engulfed by a steam dragon's steam (10 damage)
             ... on level 6 of the Dungeon.
             The game lasted 00:00:29 (4960 turns).

qw the Cleaver (Tengu Warper)                       Turns: 4960, Time: 00:00:30

Health: -3/48      AC: 12    Str: 13    XL:     8   Next: 48%
Magic:  0/12       EV: 12    Int: 15    God:
Gold:   137        SH:  0    Dex: 19    Spells: 11/11 levels left

rFire   x . .      SeeInvis .   o - +2 hand axe (vamp)
rCold   + + .      Faith    .   (no shield)
rNeg    . . .      Spirit   +   h - +0 ice dragon scales
rPois   +          Reflect  .   (helmet restricted)
rElec   .          Harm     .   p - +0 cloak
rCorr   .          Rampage  .   k - +0 pair of gloves
Will    .....                   (boots unavailable)
Stlth   ..........              d - amulet of guardian spirit
HPRegen 0.16/turn               g - +6 ring of dexterity
MPRegen 0.13/turn               m - ring of poison resistance

@: flying quickly and evasively, quick
A: beak, talons 3, nimble flight
a: no special abilities


You were on level 6 of the Dungeon.
You visited 1 branch of the dungeon, and saw 6 of its levels.

You collected 270 gold pieces.
You spent 133 gold pieces at shops.


Innate Abilities, Weirdness & Mutations

You have a beak for a mouth.
You have claws for feet.
Your magical nature lets you fly swiftly and evasively.


   Skills:
 + Level 3.8 Fighting
 - Level 9.3 Axes
 - Level 1.0 Throwing
 - Level 3.9 Armour
 - Level 3.2 Dodging
 - Level 2.0 Spellcasting
 - Level 2.4 Translocations


You had 11 spell levels left.
You didn't know any spells.
Your spell library contained the following spells:

 Spells                   Type           Power      Damage    Failure   Level
 Blink                    Tloc           16%        N/A       58%         2
 Gell's Gravitas          Tloc           8%         N/A       83%         3
 Lesser Beckoning         Tloc           8%         N/A       83%         3
 Teleport Other           Tloc           8%         N/A       83%         3
 Manifold Assault         Tloc           8%         N/A       100%        5

Inventory:

Hand Weapons
 i - a +0 morningstar
 o - a +2 vampiric hand axe (weapon)
Missiles
 n - 5 boomerangs (quivered)
Armour
 a - a +0 chain mail
 h - +0 ice dragon scales (worn)
 k - a +0 pair of gloves (worn)
 p - a +0 cloak (worn)
Jewellery
 d - an amulet of guardian spirit (around neck)
 g - a +6 ring of dexterity (left hand)
 m - a ring of poison resistance (right hand)
 r - an amulet of the acrobat
Scrolls
 f - a scroll of identify
Potions
 b - a potion of resistance
 c - 4 potions of mutation
 e - a potion of attraction {unknown}
 j - 2 potions of haste
 l - 2 potions of curing

Dungeon Overview and Level Annotations

Branches:
Dungeon (6/15)
 Temple: D:4-7

Altars:
Makhleb

Shops:
D:2 :   D:4 ?

Annotations:
D:2 1 runed translucent door, Crazy Yiuf


Message History

You hear the brisk rusting of a very distant drain.
HP restored.
A steam dragon comes into view.
Found a scroll of fear.
4948 ||| Stepping ~*~*~tactically~*~*~ (hiding).
You start waiting.
A steam dragon is nearby!
You slash the steam dragon!
The steam dragon is moderately wounded.
The steam dragon bites you. The steam dragon closely misses you.
You closely miss the steam dragon. Your kick misses the steam dragon.
Your punch misses the steam dragon.
The steam dragon is moderately wounded.
The steam dragon breathes steam at you. The ball of steam hits you!
The steam scalds you terribly!
You hear a bark!
You hit the steam dragon but do no damage.
The steam dragon is moderately wounded.
You are engulfed in a cloud of scalding steam.
The steam dragon closely misses you.
The steam dragon claws you but does no damage.
You closely miss the steam dragon. Your kick misses the steam dragon.
Your peck misses the steam dragon.
The steam dragon is moderately wounded.
You are engulfed in a cloud of scalding steam.
You hit the steam dragon but do no damage.
The steam dragon is moderately wounded.
You are engulfed in a cloud of scalding steam.
The steam dragon bites you. The steam dragon claws you.
You barely miss the steam dragon. Your kick misses the steam dragon.
The steam dragon is moderately wounded.
You are engulfed in a cloud of scalding steam.
The steam dragon breathes steam at you. The ball of steam hits you!!
The steam scalds you terribly!
You hit the steam dragon.
You feel better.
You claw the steam dragon, but do no damage.
Your punch misses the steam dragon.
The steam dragon is heavily wounded.
You are engulfed in a cloud of scalding steam.
You die...

#...... #......
.?.... ....# ...#
..# #D# #@# #¤#
####¤####### .#
#...¤¤.....######.##
#..¤¤¤.###.##..(...#
#..¤...# #.##......#
#......# #.##......#
#......# #.##......#
#......# #.##......#


You could see a steam dragon (catching breath).

Vanquished Creatures
  Grinder (D:6)
  Eustachio (D:3)
  Menkaure (D:4)
  2 water moccasins (D:5)
  An ogre (D:5)
  A phantom (D:6)
  A necrophage (D:5)
  A scorpion (D:5)
  2 howler monkeys (D:4)
  2 hounds (D:5)
  An iguana (D:5)
  2 adders (D:5)
  2 ufetubi
  2 worms
  2 dart slugs
  9 orcs
  7 endoplasms
  4 giant cockroaches
  5 goblins
  7 hobgoblins
  5 jackals
  3 quokkas
  5 ball pythons
  6 bats
  A frilled lizard (D:3)
  12 kobolds
  2 rats
88 creatures vanquished.

Notes
Turn   | Place    | Note
-------+----------+-------------------------------------------
     0 | D:1      | qw the Tengu Warper began the quest for the Orb.
     0 | D:1      | Reached XP level 1. HP: 12/12 MP: 4/4
     0 | D:1      | 0 ||| qw: Version: 0.1-a-89-g26bdef1
     0 | D:1      | 0 ||| qw: Game counter: 2315
     0 | D:1      | 0 ||| qw: Always use a shield: true
     0 | D:1      | 0 ||| qw: God list: Okawaru
     0 | D:1      | 0 ||| qw: Allow faded altars: false
     0 | D:1      | 0 ||| qw: Do Orc after D:15 true
     0 | D:1      | 0 ||| qw: Do second Lair branch before Depths: true
     0 | D:1      | 0 ||| qw: Lair rune preference: random
     0 | D:1      | 0 ||| qw: Plans: Normal
     0 | D:1      | 0 ||| PLANNING D:1-11
   314 | D:1      | 314 ||| Stepping ~*~*~tactically~*~*~ (stealth).
   316 | D:1      | 316 ||| Stepping ~*~*~tactically~*~*~ (stealth).
   325 | D:1      | Reached XP level 2. HP: 17/17 MP: 6/6
   348 | D:1      | Reached skill level 3 in Axes
   691 | D:1      | Found a faded altar of an unknown god.
  1048 | D:1      | 1048 ||| UPGRADING to amulet of guardian spirit.
  1053 | D:1      | 1053 ||| READING scroll labelled VUOJUMN LIKAROYTA.
  1139 | D:1      | 1139 ||| READING scroll labelled ETIGIL SAVVEL.
  1140 | D:1      | 1140 ||| READING scroll labelled QUNKOONKU.
  1141 | D:1      | 1141 ||| DROPPING scroll of blinking.
  1173 | D:2      | Found Qimmous's Book Shop.
  1200 | D:2      | 1200 ||| FLEEEEING.
  1201 | D:2      | 1201 ||| FLEEEEING.
  1203 | D:2      | 1203 ||| FLEEEEING.
  1204 | D:2      | 1204 ||| FLEEEEING.
  1206 | D:2      | 1206 ||| FLEEEEING.
  1207 | D:2      | 1207 ||| FLEEEEING.
  1208 | D:2      | 1208 ||| FLEEEEING.
  1209 | D:2      | 1209 ||| STAIRDANCE
  1263 | D:2      | Reached XP level 3. HP: 21/21 MP: 7/7
  1397 | D:2      | Found a runed translucent door.
  1398 | D:2      | Noticed Crazy Yiuf
  1432 | D:2      | Reached skill level 4 in Axes
  1442 | D:2      | 1442 ||| DROPPING +0 whip.
  1961 | D:2      | 1961 ||| UPGRADING to +0 chain mail.
  1971 | D:2      | 1971 ||| DROPPING +0 leather armour.
  1972 | D:2      | 1972 ||| READING 3 scrolls labelled KUM AK LUIG.
  1973 | D:2      | 1973 ||| READING 2 scrolls of identify.
  1973 | D:2      | 1973 ||| IDENTIFYING metallic golden potion
  2076 | D:3      | 2076 ||| READING scroll of enchant weapon.
  2076 | D:3      | 2076 ||| ENCHANTING +1 hand axe.
  2547 | D:3      | 2547 ||| UPGRADING to +0 ice dragon scales.
  2557 | D:3      | 2557 ||| UPGRADING to +6 ring of dexterity.
  2558 | D:3      | 2558 ||| UPGRADING to ring of poison resistance.
  2559 | D:3      | 2559 ||| READING scroll labelled RICSUR VOUDGH.
  2560 | D:3      | 2560 ||| READING scroll labelled EMPOTEPPAX.
  2565 | D:3      | 2565 ||| READING scroll labelled LUYKHU JOATTALUE.
  2566 | D:3      | 2566 ||| READING scroll labelled NATSYC DINET.
  2567 | D:3      | 2567 ||| DRINKING 2 sedimented amethyst potions.
  2568 | D:3      | 2568 ||| DROPPING potion of flight.
  2594 | D:4      | Noticed Eustachio
  2597 | D:4      | 2597 ||| STAIRDANCE
  2600 | D:3      | Reached XP level 4. HP: 26/26 MP: 8/8
  2616 | D:4      | 2616 ||| STAIRDANCE
  2621 | D:3      | Killed Eustachio
  2622 | D:3      | Reached skill level 6 in Axes
  2622 | D:3      | Gained mutation: Your magical nature lets you fly swiftly
                  | and evasively. [Tengu growth]
  2622 | D:3      | Reached XP level 5. HP: 10/30 MP: 4/9
  2867 | D:4      | Found Witutelu's Magic Scroll Boutique.
  2872 | D:4      | 2872 ||| BUYING scroll of brand weapon (133 gold).
  2872 | D:4      | Bought a scroll of brand weapon for 133 gold pieces
  2872 | D:4      | 2872 ||| SHOPLISTING scroll of enchant armour (105 gold,
                  | have 4).
  2872 | D:4      | 2872 ||| SHOPLISTING scroll of enchant weapon (105 gold,
                  | have 4).
  2872 | D:4      | 2872 ||| SHOPLISTING scroll of identify (28 gold, have 4).
  2872 | D:4      | 2872 ||| READING scroll of brand weapon.
  2872 | D:4      | 2872 ||| BRANDING +2 hand axe.
  2892 | D:4      | 2892 ||| READING scroll of brand weapon.
  2892 | D:4      | 2892 ||| BRANDING +2 hand axe of protection.
  2926 | D:4      | 2926 ||| Stepping ~*~*~tactically~*~*~ (stealth).
  2953 | D:4      | 2953 ||| Stepping ~*~*~tactically~*~*~ (stealth).
  3159 | D:4      | Reached XP level 6. HP: 34/35 MP: 5/10
  3299 | D:4      | Found a burning altar of Makhleb.
  3334 | D:4      | Noticed Menkaure
  3335 | D:4      | 3335 ||| Stepping ~*~*~tactically~*~*~ (hiding).
  3343 | D:4      | Killed Menkaure
  3344 | D:4      | Reached skill level 7 in Axes
  3348 | D:4      | 3348 ||| Stepping ~*~*~tactically~*~*~ (stealth).
  3353 | D:4      | 3353 ||| Stepping ~*~*~tactically~*~*~ (stealth).
  3612 | D:4      | 3612 ||| UPGRADING to +0 pair of gloves.
  3617 | D:4      | 3617 ||| READING scroll labelled CUMAIMMYEH.
  3618 | D:4      | 3618 ||| READING scroll labelled TUSIGRE JEDYN.
  3619 | D:4      | 3619 ||| DRINKING 2 sedimented white potions.
  3620 | D:4      | 3620 ||| READING 2 scrolls of identify.
  3620 | D:4      | 3620 ||| IDENTIFYING lumpy grey potion
  3642 | D:5      | Entered Level 5 of the Dungeon
  3661 | D:5      | Reached XP level 7. HP: 27/40 MP: 6/11
  3810 | D:5      | Reached skill level 3 in Fighting
  3831 | D:5      | Reached skill level 8 in Axes
  3861 | D:5      | Reached skill level 3 in Dodging
  4038 | D:5      | Reached skill level 3 in Armour
  4058 | D:5      | 4058 ||| Stepping ~*~*~tactically~*~*~ (stealth).
  4060 | D:5      | 4060 ||| Stepping ~*~*~tactically~*~*~ (stealth).
  4120 | D:5      | Reached XP level 8. HP: 46/46 MP: 12/12
  4510 | D:5      | 4510 ||| UPGRADING to +0 cloak.
  4515 | D:5      | 4515 ||| DRINKING 3 sedimented red potions.
  4516 | D:5      | 4516 ||| DRINKING 2 fuming green potions.
  4568 | D:5      | 4568 ||| DROPPING potion of lignification.
  4574 | D:6      | 4574 ||| PLANNING SEWER
  4581 | D:6      | Noticed Grinder
  4582 | D:6      | 4582 ||| Stepping ~*~*~tactically~*~*~ (hiding).
  4588 | D:6      | 4588 ||| Stepping ~*~*~tactically~*~*~ (hiding).
  4591 | D:6      | 4591 ||| Stepping ~*~*~tactically~*~*~ (hiding).
  4605 | D:6      | Killed Grinder
  4606 | D:6      | Reached skill level 9 in Axes
  4948 | D:6      | 4948 ||| Stepping ~*~*~tactically~*~*~ (hiding).
  4959 | D:6      | HP: 4/48 [steam dragon/ball of steam (20)]
  4960 | D:6      | Engulfed by a steam dragon's steam

Levels and vault maps discovered:
D:1:      erik_arrival_triangle_medium, layout_basic,
          shapermc_ecumenical_altar_mp_ritualfount
D:2:      layout_basic, serial_shops, nicolae_shop_advertising_works
          [nicolae_subvault_shop_adworks], uniq_crazy_yiuf_cottage
D:3:      layout_loops_ring
D:4:      layout_basic, lightli_temple_of_fire, serial_shops, shop,
          uniq_menkaure, uniq_eustachio
D:5:      layout_loops_cross
D:6:      layout_basic, minmay_temple_entry_proselytizer,
          cheibrodos_sewer_entry_bend, lemuel_another_geyser, uniq_grinder

Skill      XL: |  1  2  3  4  5  6  7  8 |
---------------+-------------------------+-----
Axes           | 3 4 6 7 8 9 |  9.3
Armour         | 2 3 |  3.9
Fighting       | 3 |  3.8
Dodging        | 3 |  3.2
Throwing       | |  1.0
Spellcasting   | |  2.0
Translocations | |  2.4

Action                   |  1- 3 |  4- 6 |  7- 9 || total
-------------------------+-------+-------+-------++-------
Melee: Hand axe          |    60 |    69 |    96 ||   225
       Peck              |     9 |    14 |    17 ||    40
       Kick              |     9 |    23 |    38 ||    70
       Punch             |       |       |     3 ||     3
Throw: Boomerang         |    20 |    13 |    30 ||    63
       Javelin           |    15 |       |       ||    15
  Use: Scroll            |    10 |     5 |       ||    15
       Potion            |     1 |     1 |     2 ||     4
Armor: Leather armour    |     7 |       |       ||     7
       Chain mail        |    11 |       |       ||    11
       Ice dragon scales |       |    26 |    28 ||    54
Dodge: Dodged            |    38 |    30 |    39 ||   107

Table legend:
 A = Non-vault XP
 B = Vault XP
 C = Vault XP percentage of total XP
 D = Non-vault monster count
 E = Vault monster count
 F = Vault count percentage of total count
                 A         B        C        D         E       F
            +---------+---------+-------+---------+---------+-------
      Total |    1120 |     637 |  36.3 |      85 |       3 |   3.4
            +---------+---------+-------+---------+---------+-------
        D:1 |      29 |       0 |   0.0 |      17 |       0 |   0.0
        D:2 |      29 |       0 |   0.0 |      13 |       0 |   0.0
        D:3 |      24 |     196 |  89.1 |      14 |       1 |   6.7
        D:4 |     150 |     183 |  55.0 |      24 |       1 |   4.0
        D:5 |     781 |       0 |   0.0 |      16 |       0 |   0.0
        D:6 |     107 |     258 |  70.7 |       1 |       1 |  50.0
            +---------+---------+-------+---------+---------+-------
